 Dungeon Crawl Stone Soup version 0.22.1-2-g9c5b331 (webtiles) character file.

214 Mojopoop the Cutter (level 5, -3/41 HPs)
             Began as a Demonspawn Chaos Knight on Dec 1, 2018.
             Slain by an orc
             ... wielding a +0 trident
              (6 damage)
             ... on level 4 of the Dungeon.
             The game lasted 00:12:17 (2810 turns).

Mojopoop the Cutter (Demonspawn Chaos Knight)       Turns: 2810, Time: 00:12:18

Health: -3/41      AC:  6    Str: 14    XL:     5   Next: 60%
Magic:  0/5        EV: 12    Int: 13    God:    Xom [....*.]
Gold:   254        SH:  0    Dex: 12    Spells: 2/4 levels left

rFire    . . .     SeeInvis .   a - +1 short sword (chaos)
rCold    + . .     Gourm    .   (no shield)
rNeg     . . .     Faith    .   b - +3 leather armour
rPois    .         Spirit   +   (helmet restricted)
rElec    +         Reflect  .   l - scarf {repulsion}
rCorr    .         Harm     .   (no gloves)
MR       .....                  (no boots)
Stlth    +.........             d - amulet of guardian spirit
HPRegen  0.53/turn              g - ring of protection from fire
MPRegen  0.09/turn              q - ring of ice

@: repel missiles
A: horns 1, powered by pain 3, regeneration 1, electricity resistance, sturdy
frame 1
a: Renounce Religion


You were on level 4 of the Dungeon.
You worshipped Xom.
You were a beloved toy of Xom.
You were not hungry.

You visited 1 branch of the dungeon, and saw 4 of its levels.

You collected 254 gold pieces.

Inventory:

Hand Weapons
 a - a +1 short sword of chaos (weapon)
 k - a +2 dagger of holy wrath
Armour
 b - a +3 leather armour (worn)
 i - a scarf of repulsion
 l - a scarf of repulsion (worn)
Magical Staves
 o - an uncursed staff of poison
Jewellery
 d - an amulet of guardian spirit (around neck)
 g - a ring of protection from fire (left hand)
 q - a ring of ice (right hand)
Scrolls
 e - a scroll of identify
 j - a scroll of magic mapping
 m - a scroll of remove curse
Potions
 f - 2 potions of might
Comestibles
 c - a ration


   Skills:
 - Level 3.5 Fighting
 * Level 4.1 Short Blades
 * Level 3.4 Armour
 + Level 2.0 Dodging


You had 2 spell levels left.
You knew the following spells:

 Your Spells              Type           Power        Failure   Level  Hunger
a - Call Imp              Summ           #.......     43%         2    ###....

Your spell library contained the following spells:

 Spells                   Type           Power        Failure   Level  Hunger
 Magic Dart               Conj           #...         32%         1    ##.....
 Blink                    Tloc           N/A          43%         2    ###....
 Slow                     Hex            #.......     43%         2    ###....
 Conjure Flame            Conj/Fire      #.......     67%         3    ####...
 Mephitic Cloud           Conj/Pois/Air  #.......     67%         3    ####...


Dungeon Overview and Level Annotations

Branches:
Dungeon (4/15)
 Temple: D:4-7

Altars:
Trog
Xom


Innate Abilities, Weirdness & Mutations

You are powered by pain.
Your movements are slightly less encumbered by armour. (ER -2)
You have a pair of small horns on your head.
Your natural rate of healing is unusually fast.
You are resistant to electric shocks. (rElec)


Message History

* * * LOW HITPOINT WARNING * * *
Something bites you but does no damage.
The orc priest hits your white imp with a short sword.
The orc hits your white imp with a flail of protection.
Your white imp dies!
Something barely misses you. Something bites you.
* * * LOW HITPOINT WARNING * * *
The orc priest looks satisfied for a moment.
Something bites you.
* * * LOW HITPOINT WARNING * * *
The orc priest casts a cantrip, but nothing happens.
Something bites you.
* * * LOW HITPOINT WARNING * * *
Something bites you but does no damage. Magic courses through your body.
Something bites you.
* * * LOW HITPOINT WARNING * * *
The orc hits you from afar with a trident!
You die...
Xom titters!

############# ### ###
?.#########.ooo{@.....# #.# #.#
.....).....(h########.#####.# #.#
.............# ..#.#.....###.#
.............# #.#.#.#........
.............# ###.#.#.#.#.#....
.......$...>....#.....#.#.#.#.###
.............#..#.#.....#.#.#.#.#
.......[.....#.)....#####.#.#.#.#
.####.....##.##.#.#. #.#.#.#>#


You could see a hound, an orc priest and 2 orcs.

Vanquished Creatures
  A bullfrog (D:3)
  A bullfrog skeleton (D:4)
  Jessica (D:2)
  An adder (D:2)
  A worm (D:3)
  A dart slug (D:2)
  A leopard gecko (D:3)
  A ball python (D:4)
  4 giant cockroaches
  13 goblins
  6 hobgoblins
  3 jackals (D:2)
  5 bats
  5 frilled lizards
  4 kobolds
  4 rats
52 creatures vanquished.

Vanquished Creatures (collateral kills)
  An orc wizard (D:4)
  Robin (D:2)
  An orc (D:4)
  A goblin (D:2)
4 creatures vanquished.

Grand Total: 56 creatures vanquished

Notes
Turn   | Place    | Note
-------+----------+-------------------------------------------
     0 | D:1      | Mojopoop the Demonspawn Chaos Knight began the quest for
                  | the Orb.
     0 | D:1      | Reached XP level 1. HP: 18/18 MP: 1/1
    10 | D:1      | XOM: silly message
    60 | D:1      | XOM: potion effect (might)
   222 | D:1      | Gained mutation: Your movements are slightly less
                  | encumbered by armour. (ER -2) [demonic ancestry]
   222 | D:1      | Reached XP level 2. HP: 24/24 MP: 2/2
   465 | D:1      | XOM: god gift: 45 gold pieces
   748 | D:2      | Reached skill level 3 in Short Blades
   748 | D:2      | Reached skill level 1 in Dodging
   818 | D:2      | Found a faded altar of an unknown god.
  1011 | D:2      | XOM: god gift: thin glowing staff {god gift}
  1125 | D:2      | Gained mutation: You sometimes gain a little power by
                  | taking damage. [demonic ancestry]
  1125 | D:2      | Reached XP level 3. HP: 24/29 MP: 3/3
  1131 | D:2      | XOM: summons friendly quasit
  1152 | D:2      | Noticed Robin
  1154 | D:2      | XOM: butterfly on damage
  1159 | D:2      | Killed Robin
  1297 | D:2      | XOM: divination: detect items
  1403 | D:2      | XOM: scenery: create altars
  1496 | D:2      | Noticed Jessica
  1499 | D:2      | Killed Jessica
  1499 | D:2      | Gained mutation: You sometimes gain power by taking damage.
                  | [demonic ancestry]
  1499 | D:2      | Reached XP level 4. HP: 34/35 MP: 4/4
  1519 | D:2      | Found a bloodstained altar of Trog.
  1534 | D:2      | XOM: divination: magic mapping
  1841 | D:3      | Noticed a bullfrog
  1848 | D:3      | XOM: confusion
  1854 | D:3      | HP: 1/35 [bullfrog (7)]
  1855 | D:3      | XOM: noise
  1856 | D:3      | Killed a bullfrog
  1856 | D:3      | Gained mutation: You are powered by pain. [demonic
                  | ancestry]
  1856 | D:3      | Reached XP level 5. HP: 1/41 MP: 0/5
  1964 | D:3      | XOM: god gift: 21 gold pieces
  2221 | D:3      | XOM: 2-stop teleportation journey
  2252 | D:3      | Gained mutation: You are resistant to electric shocks.
                  | (rElec) [potion of mutation]
  2252 | D:3      | Gained mutation: You have a pair of small horns on your
                  | head. [potion of mutation]
  2252 | D:3      | Gained mutation: Your natural rate of healing is unusually
                  | fast. [potion of mutation]
  2766 | D:4      | Reached skill level 4 in Short Blades
  2777 | D:4      | Learned a level 2 spell: Call Imp
  2810 | D:4      | Slain by an orc

Skill      XL: |  1  2  3  4  5 |
---------------+----------------+-----
Short Blades   | 3 4 |  4.1
Armour         | 2 3 |  3.4
Dodging        | 1 2 |  2.0
Fighting       | |  3.5

Action                   |  1- 3 |  4- 6 || total
-------------------------+-------+-------++-------
Melee: Short sword       |    98 |    73 ||   171
       Headbutt          |       |     7 ||     7
 Cast: Call Imp          |       |     1 ||     1
  Use: Scroll            |     6 |     2 ||     8
       Potion            |     1 |     6 ||     7
 Stab: Petrifying        |       |     1 ||     1
  Eat: Ration            |     1 |     1 ||     2
Armor: Leather armour    |    22 |    31 ||    53
Dodge: Dodged            |    43 |    54 ||    97
       Deflected         |     2 |     1 ||     3
